 Dungeon Crawl Stone Soup version 0.17.0-1-g61d176b (webtiles) character file.

59 pipel the Skirmisher (level 3, -3/29 HPs)
             Began as a Mummy Chaos Knight on Nov 7, 2015.
             Killed from afar by Ijyb (12 damage)
             ... with a wand of flame
             ... on level 2 of the Dungeon.
             The game lasted 00:04:29 (6477 turns).

pipel the Skirmisher (Mummy Chaos Knight)           Turns: 6477, Time: 00:04:29

Health: -3/29      AC:  5    Str: 15 (16) XL:     3   Next: 78%
Magic:  3/3        EV: 11    Int: 16      God:    Xom [......]
Gold:   122        SH:  0    Dex: 10 (11) Spells: 0 memorised, 2 levels left

rFire  x . .     SeeInvis .     a - +1 falchion (chaos)
rCold  + . .     Clarity  .     e - +2 leather armour
rNeg   + + +     SustAt   .     (no shield)
rPois  ∞         Gourm    .     (no helmet)
rElec  .         Spirit   .     (no cloak)
rCorr  .         Warding  .     (no gloves)
rMut   .         Stasis   .     (no boots)
MR     .....                    (no amulet)
Stlth  +.........               (no ring)
                                d - +5 ring of intelligence

@: not resistant to hostile enchantments, very unstealthy
A: no food or potions, fire vulnerability, cold resistance 1, negative energy
resistance 3, torment resistance, unbreathing
a: Renounce Religion


You were on level 2 of the Dungeon.
You worshipped Xom.
You were a very special plaything of Xom.
You were not hungry.

You visited 1 branch of the dungeon, and saw 2 of its levels.

You collected 122 gold pieces.

Inventory:

Hand Weapons
 a - a +1 falchion of chaos (weapon)
 b - a +0 hunting sling
 g - a +2 whip of venom
 n - a +1 dagger of speed
Missiles
 c - 21 stones (quivered)
 f - 15 arrows of flame
 l - 26 bolts
 o - 16 sling bullets
Armour
 e - a +2 leather armour (worn)
 j - a +0 chain mail
Jewellery
 d - a +5 ring of intelligence (left hand)
Scrolls
 h - 2 scrolls of recharging
 m - a scroll of remove curse {unknown}
 p - a scroll of enchant armour {unknown}
 q - a scroll of identify {unknown}


   Skills:
 + Level 3.4 Fighting
 + Level 2.7 Long Blades
 + Level 0.1 Throwing
 + Level 2.3 Armour
 + Level 1.5 Dodging


You had 2 spell levels left.
You didn't know any spells.

Dungeon Overview and Level Annotations

Branches:
Dungeon (2/15)

Altars:

Annotations:
D:2 Ijyb


Innate Abilities, Weirdness & Mutations

You do not eat or drink.
Your flesh is vulnerable to fire.
You are immune to poison.
Your flesh is cold resistant.
You are immune to negative energy.
You are immune to unholy pain and torment.
You can survive without breathing.


Message History

Ijyb zaps a wand.
The puff of flame hits you! The fire burns you terribly!
Wield which item (- for none, * to show all)? (? for menu, Esc to quit)
Your +2 whip of venom stops dripping with poison.
It is briefly surrounded by a scintillating aura of random colours.
a - a +1 falchion of chaos (weapon)
Ijyb zaps a wand.
The puff of flame hits you!
There is a stone staircase leading down here.
You hit Ijyb but do no damage.
Ijyb seems to slow down.
Ijyb is heavily wounded.
Ijyb hits you but does no damage.
You hit Ijyb.
Ijyb is severely wounded.
Ijyb closely misses you.
You closely miss Ijyb.
Ijyb is severely wounded.
Ijyb zaps a wand.
The puff of flame hits you! The fire burns you terribly!
You closely miss Ijyb.
Ijyb is severely wounded.
Ijyb zaps a wand.
The puff of flame hits you! The fire burns you terribly!
You die...

##
#..#######.#
.# #.## #.#
.######.######
#.#
.............#
#.#
....###.####.#
#.# ###.# #.#
#.# #.# ....#
#.# #.# #.#
..###
#.####.###.#
.##
#.##......@#
.#
#.##......g#
.# .##.......#
'## #.......#
..## ♣♣♣♣♣♣♣.#
.<.## ♣.#
....## ..#
.....# ♣.#
.....+ ..#


You could see Ijyb.

Vanquished Creatures
  An adder (D:2)
  3 giant geckos
  A ball python (D:1)
  A giant cockroach (D:1)
  8 goblins
  3 hobgoblins
  4 jackals (D:1)
  7 bats
  2 giant newts
  9 kobolds
  A quokka (D:2)
  4 rats
44 creatures vanquished.

Notes
Turn   | Place    | Note
--------------------------------------------------------------
     0 | D:1      | pipel the Mummy Chaos Knight began the quest for the Orb.
     0 | D:1      | Reached XP level 1. HP: 18/18 MP: 1/1
    19 | D:1      | XOM: divination: detect creatures
   331 | D:1      | XOM: harmless Erth miscast
   392 | D:1      | XOM: divination: detect items
   438 | D:1      | Reached XP level 2. HP: 18/24 MP: 2/2
   438 | D:1      | XOM: divination: detect creatures
   802 | D:1      | XOM: silly message
   995 | D:1      | XOM: harmless Pois miscast
  1051 | D:1      | Reached skill level 1 in Dodging
  1155 | D:1      | XOM: colour smoke trail
  1285 | D:1      | XOM: stat loss: -1 Dex (10/11)
  1915 | D:1      | XOM: silly message
  2511 | D:1      | XOM: medium Air miscast
  2788 | D:1      | XOM: medium Trmt miscast
  2916 | D:1      | XOM: colour smoke trail
  3454 | D:1      | XOM is BORED!
  3454 | D:1      | XOM: medium Chrm miscast
  3995 | D:1      | XOM: summons 1 hostile demon
  4002 | D:2      | Reached XP level 3. HP: 29/29 MP: 3/3
  5446 | D:1      | XOM: colour smoke trail
  5873 | D:1      | XOM is BORED!
  5873 | D:1      | XOM: summons 1 hostile demon
  5874 | D:1      | Noticed an orange demon
  6007 | D:2      | Found a faded altar to an unknown god.
  6069 | D:2      | Noticed Ijyb
  6415 | D:2      | XOM: medium Air miscast
  6477 | D:2      | Killed from afar by Ijyb

Action                   || total
-------------------------++-------
Melee: Falchion          ||   154
       Whip              ||     2
Throw: Stone             ||     6
  Use: Scroll            ||     4
